 Dungeon Crawl Stone Soup version 0.14-a0-1613-gd720e3e (webtiles) character file.

820 PolkaDot the Jinx (level 7, 0/43 (46) HPs)
             Began as a Vampire Enchanter on Dec 25, 2013.
             Succumbed to wojtek's ghost's poison
             ... on Level 4 of the Dungeon.
             The game lasted 00:16:06 (3913 turns).

PolkaDot the Jinx (Vampire Enchanter)               Turns: 3913, Time: 00:16:07

HP   0/43 (46)   AC  3     Str  7      XL: 7   Next: 24%
MP   7/12        EV 13     Int 17      God:
Gold 188         SH  0     Dex 16      Spells:  3 memorised,  0 levels left

rFire  . . .     SeeInvis +     h - +5,+0 short sword (flame)
rCold  . . .     Clarity  .     b - +1 robe
rNeg   + . .     Conserve .     (no shield)
rPois  .         rCorr    .     (no helmet)
rElec  .         rRot     .     (no cloak)
SustAb . .       Spirit   .     (no gloves)
rMut   .         Warding  .     (no boots)
Saprov . . .     Stasis   +     g - amulet of stasis {unknown}
                                (no ring)
                                (no ring)

@: mildly poisoned, slightly resistant to hostile enchantments, quite stealthy
A: bottle blood, fangs 3, see invisible, unbreathing
a: Bat Form, Bottle Blood


You were on level 4 of the Dungeon.
You were not thirsty.

You visited 1 branch of the dungeon, and saw 5 of its levels.

You collected 188 gold pieces.

Inventory:

Hand weapons
 h - a +5,+0 short sword of flaming (weapon)
Missiles
 d - 81 darts (quivered)
Armour
 b - a +1 robe (worn)
Magical devices
 j - a wand of flame (14)
Scrolls
 a - 3 scrolls of enchant armour
 e - a scroll of remove curse {unknown}
 f - a scroll of noise {unknown}
 l - 3 scrolls of teleportation {unknown}
Jewellery
 g - an amulet of stasis (around neck) {unknown}
Potions
 i - a potion of paralysis {!q}
 k - a potion of resistance
 m - a potion of restore abilities
Books
 c - a book of Maledictions

   Spells                             Type                      Level
   *Corona                            Hexes                        1
   Sure Blade                         Hexes/Charms                 2
   Ensorcelled Hibernation            Hexes/Ice                    2
   *Confuse                           Hexes                        3
   Enslavement                        Hexes                        4
   *Invisibility                      Hexes                        6


   Skills:
 - Level 2.8 Short Blades
 - Level 0.7 Throwing
 - Level 2.1 Dodging
 - Level 5.0 Stealth
 - Level 2.0 Spellcasting
 * Level 10.7 Hexes


You couldn't memorise any spells.
You knew the following spells:

 Your Spells              Type           Power        Failure   Level  Hunger
a - Corona                Hex            #####..      1%          1    #......
c - Confuse               Hex            #####...     1%          3    ####...
i - Invisibility          Hex            #####...     38%         6    #######


Dungeon Overview and Level Annotations

Branches:
Dungeon (5/16)
 Temple: D:4-7

Altars:

Annotations:
D:5 wojtek's ghost, experienced TeGl


Innate Abilities, Weirdness & Mutations

You can bottle blood from corpses.
You have razor-sharp teeth.*
You have supernaturally acute eyesight.
You can survive without breathing.*


Message History

* * * LOW HITPOINT WARNING * * *
You feel sick.
You feel a little better.
You start resting.
* * * LOW HITPOINT WARNING * * *
You feel sick.
You start resting.
* * * LOW HITPOINT WARNING * * *
You feel sick.
You start resting.
* * * LOW HITPOINT WARNING * * *
You feel sick.
You start resting.
* * * LOW HITPOINT WARNING * * *
You feel sick.
You start resting.
* * * LOW HITPOINT WARNING * * *
You feel sick.
There is an open door here.
You die...

#.#.# #.......#.##.#
##..#########.###.##.#
#...[...#####.###.##.#
#.##'##.##......#....>
#.#...#.##......####..
#.+.>.+..#....%...##..
#.#...#..#......#.##%.
#.##'##........##.....
#....@..####.####..#.[
##.###.#####.####.....
#......#.......##.##.
#####.##.##'##.##....
#....#...#.######
#..#.'.>.+.#.....
#..#.#...#.#.####
#....##'##...#
##.#.......###


There were no monsters in sight!

Vanquished Creatures
  A necrophage (D:5)
  Blork the orc (D:4)
  A hippogriff skeleton (D:4)
  2 hounds (D:4)
  A scorpion (D:4)
  A jelly (D:3)
  2 orc priests
  A worker ant (D:4)
  An orc wizard (D:3)
  An ogre skeleton (D:3)
  Terence (D:2)
  3 gnolls (D:4)
  5 adders
  2 worms
  2 giant geckos (D:3)
  8 orcs
  4 giant cockroaches
  12 goblins
  9 hobgoblins
  4 jackals
  11 bats
  5 giant newts
  11 kobolds
  7 rats
96 creatures vanquished.

Notes
Turn   | Place    | Note
--------------------------------------------------------------
     0 | D:1      | PolkaDot, the Vampire Enchanter, began the quest for the Orb.
     0 | D:1      | Reached XP level 1. HP: 13/13 MP: 3/3
   267 | D:1      | Reached XP level 2. HP: 14/19 MP: 2/4
  1221 | D:2      | Reached XP level 3. HP: 22/24 MP: 4/6
  1425 | D:2      | Learned a level 3 spell: Confuse
  1519 | D:2      | Reached skill level 5 in Hexes
  1575 | D:2      | Noticed Terence
  1582 | D:2      | Killed Terence
  1942 | D:3      | Reached XP level 4. HP: 20/30 MP: 7/7
  2532 | D:3      | Reached skill level 5 in Stealth
  2532 | D:3      | Reached skill level 6 in Hexes
  2554 | D:3      | Reached XP level 5. HP: 35/35 MP: 9/9
  2628 | D:3      | Reached skill level 7 in Hexes
  2941 | D:4      | Reached skill level 8 in Hexes
  2986 | D:4      | Reached XP level 6. HP: 41/41 MP: 10/10
  3124 | D:4      | Noticed Blork the orc
  3207 | D:4      | Killed Blork the orc
  3207 | D:4      | Reached skill level 9 in Hexes
  3584 | D:4      | Reached skill level 10 in Hexes
  3671 | D:4      | Reached XP level 7. HP: 39/46 MP: 12/12
  3688 | D:4      | Learned a level 6 spell: Invisibility
  3734 | D:5      | Entered Level 5 of the Dungeon
  3835 | D:5      | Noticed wojtek's ghost (experienced TeGl)
  3879 | D:4      | HP: 2/43 [poisoned by wojtek's ghost]
  3898 | D:4      | HP: 2/43 [poisoned by wojtek's ghost]
  3910 | D:4      | HP: 1/43 [poisoned by wojtek's ghost]
  3913 | D:4      | Succumbed to wojtek's ghost's poison

Action                   |  1- 3 |  4- 6 |  7- 9 || total
-------------------------+-------+-------+-------++-------
Melee: Dagger            |   114 |       |       ||   114
       Short sword       |    13 |   172 |    19 ||   204
Throw: Dart              |    55 |       |       ||    55
 Cast: Corona            |    12 |       |       ||    12
       Confuse           |       |       |     8 ||     8
Evoke: Wand              |     1 |       |       ||     1
  Use: Potion            |     4 |     5 |     1 ||    10
       Scroll            |       |     8 |       ||     8
 Stab: Sleeping          |     4 |    14 |       ||    18
       Distracted        |     1 |       |       ||     1
       Invisible         |       |     4 |     2 ||     6
       Confused          |       |       |     1 ||     1
